Map: Dédale EC

Players

LeMarquis

  • Race: Zerg Zerg
  • League: Diamond
  • Spawn Location: 7:00

HoldTheDoor - Winner!

  • Race: Protoss Protoss
  • League: Diamond
  • Spawn Location: 1:00

VOD

Have the link to the VOD?

Description

Time

  • Played on: July 2, 2018, 12:07 p.m.
  • Length: 8:04
Show
View Real Time Build Order
Export as new Build Order

LeMarquis Zerg 

Build Orders: Hatch First 

Get SALT Encoding   

  12  0:01  Drone  
  13  0:13  Overlord  
  13  0:16  Drone  
  14  0:31  Drone x2  
  16  0:51  Hatchery  
  16  0:55  Drone  
  16  0:59  Extractor  
  15  1:13  Spawning Pool  
  15  1:16  Drone  
  15  1:23  Drone  
  16  1:29  Drone  
  17  1:33  Drone  
  18  1:52  Drone x2  
  20  2:01  Zergling x2  
  21  2:03  Queen  
  21  2:07  Metabolic Boost  
  23  2:12  Queen  
  25  2:20  Overlord  
  25  2:21  Drone  
  26  2:27  Drone x2  
  28  2:38  Drone x2  
  28  2:39  Drone  
  31  2:48  Queen  
  33  2:55  Drone x3  
  36  3:00  Overlord  
  36  3:07  Roach Warren  
  36  3:11  Baneling Nest  
  34  3:14  Drone  
  34  3:15  Drone  
  36  3:25  Drone x4  
  40  3:29  Extractor  
  40  3:33  Queen  
  41  3:52  Drone x3, Spore Crawler  
  41  3:53  Overlord, Drone  
  44  3:58  Spore Crawler  
  43  4:10  Drone  
  43  4:11  Overlord x2  
  44  4:19  Lair  
  44  4:25  Drone x5  
  44  4:26  Extractor  
  48  4:40  Roach x5  
  58  4:48  Overlord  
  58  4:53  Baneling  
  58  4:54  Baneling  
  58  4:57  Roach  
  58  4:58  Overlord  
  60  5:11  Zergling x8  
  60  5:12  Overlord  
  64  5:23  Ravager  
  64  5:24  Ravager x4  
  69  5:32  Glial Reconstitution  
  69  5:33  Zergling x2  
  69  5:34  Zergling x10  
  75  5:38  Baneling x2  
  75  5:39  Baneling  
  75  5:41  Overlord  
  75  5:45  Extractor  
  73  5:58  Hatchery  
  72  6:08  Roach  
  72  6:09  Roach x6  
  86  6:23  Roach x3  
  67  7:13  Roach x5  
  67  7:14  Roach x7  
  72  7:26  Roach x2  
  62  7:39  Roach  
  62  7:40  Roach  
Show
View Real Time Build Order
Export as new Build Order

HoldTheDoor Protoss - Winner!

Build Orders: 1 Gate Expand 

Get SALT Encoding   

  12  0:00  Probe  
  13  0:13  Probe  
  14  0:20  Pylon  
  14  0:25  Probe  
  15  0:37  Probe  
  16  0:45  Probe, Gateway  
  16  0:47  Assimilator  
  17  0:53  Probe  
  18  1:04  Probe  
  19  1:25  Nexus  
  19  1:33  Cybernetics Core  
  19  1:37  Probe  
  20  1:42  Assimilator  
  20  1:49  Probe  
  20  1:52  Pylon  
  21  2:01  Probe  
  22  2:10  Adept  
  22  2:12  Warp Gate  
  22  2:13  Probe  
  25  2:25  Probe  
  26  2:33  Twilight Council  
  26  2:38  Probe  
  26  2:40  Probe  
  28  2:50  Sentry  
  30  2:55  Probe x2, Gateway  
  32  3:07  Probe  
  32  3:08  Probe  
  34  3:18  Robotics Facility  
  34  3:21  Resonating Glaives  
  34  3:23  Probe, Adept  
  34  3:24  Probe  
  38  3:35  Probe  
  38  3:36  Probe  
  38  3:37  Pylon  
  40  3:47  Probe  
  41  3:48  Pylon  
  41  3:51  Gateway  
  41  3:53  Probe  
  42  4:05  Warp Prism  
  42  4:09  Probe x2  
  46  4:16  Sentry x2  
  50  4:21  Probe  
  51  4:26  Pylon  
  51  4:29  Gateway  
  51  4:31  Gateway  
  51  4:33  Gateway  
  51  4:37  Gateway  
  51  4:40  Gateway  
  51  4:45  Pylon  
  51  4:46  Immortal  
  55  5:05  Adept x3  
  61  5:17  Pylon  
  61  5:21  Immortal  
  61  5:22  Pylon  
  61  5:23  Pylon  
  61  5:25  Pylon  
  65  5:31  Adept x3  
  71  5:39  Adept x2  
  71  5:40  Adept  
  77  6:22  Pylon, Gateway  
  77  6:30  Adept x5  
  77  6:31  Adept x3  
  77  6:32  Pylon  
  93  6:55  Adept x2  
  93  6:56  Adept x6  
  67  7:20  Adept x4  
  67  7:21  Adept x4  
  61  7:41  Adept x5  
  61  7:53  Adept  
  61  7:54  Adept x2  
Tags
 
Add a new tag
Caveats
  • Supply blocks, unpowered buildings, or Contaminate may cause inaccurate times.
  • Supply counts are checked every 10 seconds.